hothraxxa, lawful female human Samurai ------- ---------- |.....| |........| |.....+ |........| |...<.| |........| |......# |.(......| |.....|### #|........| ------- # #--------@- #############f# # # hothraxxa the Kunoichi Experience level: 8 Strength: 18 Dexterity: 15 Constitution: 18 Intelligence: 10 Wisdom: 8 Charisma: 9 Health: 0(77) Energy: 28(28) AC: 3 Gold: 1774 Moves: 2565 Your Inventory: Coins $ - 1774 gold pieces Weapons a - an uncursed +0 katana (weapon in hand) b - an uncursed +3 wakizashi (alternate weapon; not wielded) c - an uncursed +0 yumi d - 28 uncursed +0 ya (in quiver) Armor A - an uncursed rustproof +0 splint mail (being worn) H - an [uncursed] +0 orcish helm (being worn) Comestibles i - 5 [uncursed] gunyoki j - an [uncursed] cram ration m - an [uncursed] tin [of homunculus meat] J - 3 [uncursed] tripe rations L - an [uncursed] lizard corpse named Larry P - an [uncursed] lembas wafer Scrolls t - an [uncursed] scroll labeled PHOL ENDE WODAN [of identify] I - 2 [uncursed] scrolls labeled ETAOIN SHRDLU [of teleportation] K - an [uncursed] scroll labeled ZLORFIK [of light] N - an [uncursed] unlabeled scroll [of blank paper] O - a [blessed] unlabeled scroll [of blank paper] Potions f - an [uncursed] slimy potion [of levitation] g - an [uncursed] clear potion [of water] q - an [uncursed] emerald potion [of see invisible] S - a [blessed] squishy potion [of sickness] W - an [uncursed] muddy potion [of acid] Y - a [cursed] puce potion [of full healing] Rings l - an [uncursed] amber ring [of teleport control] F - an [uncursed] wooden ring [of free action] Tools k - an [uncursed] osaku v - an [uncursed] leash T - an [uncursed] towel Z - an [uncursed] partly used [tallow] candle (lit) Spells known in the end: Name Level Category Fail Memory Your skills at the end: Fighting Skills martial arts [Basic / Master] Weapon Skills short sword [Basic / Expert] long sword [Skilled / Expert] bow [Basic / Expert] Spellcasting Skills Final Attributes: You were piously aligned. Hunger level was 201. Your alignment was 22 / 22. Monster difficulty range was 1 - 8. Level difficulty was 9. You resisted poison. You were telepathic. You were fast. Your luck was zero. You are dead. Vanquished creatures: a giant beetle a leprechaun a giant spider a lizard a raven a snake 3 fire ants 3 bugbears 3 enormous rats a rock mole 3 gnome lords a kobold mummy a gray ooze a paper golem a giant ant a little dog a floating eye a homunculus a hill orc 6 rothes a centipede 2 giant bats a dwarf zombie 2 iguanas 3 gas spores a large kobold 2 hobgoblins 4 giant rats 2 cave spiders 2 yellow molds 16 gnomes 3 geckos 3 jackals a fox a kobold 4 goblins 3 lichens a kobold zombie 2 newts 87 creatures vanquished. Voluntary challenges: You were an atheist. You used a wielded weapon 118 times. You read items or engraved 7 times. You put on armor 2 times. You never genocided any monsters. You never polymorphed an object. You never changed form. You used no wishes. You wrote Elbereth's name 6 times. You never encountered a bones level. You never used any Sokoban shortcuts. Dungeon overview: The Dungeons of Doom: levels 1 to 9 Level 1 a fountain a long staircase Level 2 a fountain Level 3 (vault) a fountain stairs to The Gnomish Mines Level 6 a fountain, a throne Level 9 <- You were here The Gnomish Mines: levels 4 to 5 Level 4 stairs to The Dungeons of Doom History has recorded: On T:1 you entered the Dungeons of Doom to retrieve the Amulet of Yendor! On T:311 you reached level 2 of The Dungeons of Doom. On T:353 you reached level 3 of The Dungeons of Doom. On T:375 you reached level 1 of The Gnomish Mines. On T:390 you advanced to experience level 2. On T:546 you advanced to experience level 3. On T:710 you advanced to experience level 4. On T:778 you reached level 4 of The Dungeons of Doom. On T:985 you advanced to experience level 5. On T:1044 you advanced to experience level 6. On T:1319 you reached level 2 of The Gnomish Mines. On T:1630 you reached level 5 of The Dungeons of Doom. On T:1710 you advanced to experience level 7. On T:1732 you reached level 6 of The Dungeons of Doom. On T:1773 you reached level 7 of The Dungeons of Doom. On T:2301 you advanced to experience level 8. On T:2385 you reached level 8 of The Dungeons of Doom. On T:2533 you reached level 9 of The Dungeons of Doom. Latest messages: The panther hits! The panther misses. The panther bites! [HP-7=37] You hit it. The panther hits! The panther misses. The panther bites! [HP-9=28] You feel more confident in your weapon skills. You hit it. The panther hits! (2x) The panther bites! [HP-14=14] You are now more skilled in long sword. You hit it. The panther misses. The panther hits! The panther misses. (3x) The panther bites! You die... Final status: Sayonara hothraxxa the Samurai... You died in The Dungeons of Doom on dungeon level 9 with 6285 points, and 1774 pieces of gold, after 2565 moves. You were level 8 with a maximum of 77 hit points when you died.